 Dungeon Crawl Stone Soup version 0.30-a0-241-g1121274140 (webtiles) character file.

Game seed: 2323259306309783094

43 KennySheep the Changer (level 3, -3/40 HPs)
             Began as a Demigod Transmuter on Oct 10, 2022.
             Killed from afar by Ijyb (5 damage)
             ... with a puff of flame
             ... on level 2 of the Dungeon.
             The game lasted 00:03:55 (1136 turns).

KennySheep the Changer (Demigod Transmuter)         Turns: 1136, Time: 00:03:56

Health: -3/40      AC: 21    Str: 11    XL:     3   Next: 20%
Magic:  8/8        EV:  2    Int: 19    God:
Gold:   81         SH:  5    Dex: 14    Spells: 1/5 levels left

rFire   . . .      SeeInvis .      - Unarmed
rCold   . . .      Faith    .    (no shield)
rNeg    . . .      Spirit   .    (body armour currently unavailable)
rPois   +          Reflect  +    (helmet currently unavailable)
rElec   .          Harm     .    (cloak currently unavailable)
rCorr   .          Rampage  .    (gloves currently unavailable)
Will    .....      NoTele   +    (boots currently unavailable)
Stlth   +.........               i - amulet of reflection
HPRegen 0.26/turn                (no ring)
MPRegen 0.11/turn                (no ring)

@: tree-form
A: stationary, stasis, torment immunity, boosted hp, high MP 1, forlorn, divine
attributes
a: no special abilities


You were on level 2 of the Dungeon.
You were a tree.
You visited 1 branch of the dungeon, and saw 2 of its levels.

You collected 81 gold pieces.

Inventory:

Armour
 a - a +0 robe (melded)
Jewellery
 i - an amulet of reflection (around neck)
 o - a ring of fire
Scrolls
 c - a scroll of poison {unknown}
 e - 2 scrolls of vulnerability {unknown}
 g - 2 scrolls of identify {unknown}
 j - a scroll of fog {unknown}
 k - a scroll of fear {unknown}
 m - 2 scrolls of enchant weapon {unknown}
Potions
 d - a potion of curing {unknown}
 f - 2 potions of might {unknown}
 h - a potion of haste {unknown}
 l - a potion of degeneration {unknown}
 n - a potion of resistance {unknown}


   Skills:
 - Level 0.8 Fighting
 - Level 1.7 Dodging
 - Level 2.6 Unarmed Combat
 - Level 1.7 Spellcasting
 + Level 2.7 Transmutations
 + Level 1.8 Poison Magic


You had one spell level left.
You knew the following spells:

 Your Spells              Type           Power      Damage    Failure   Level
a - Beastly Appendage     Tmut           24%        N/A       5%          1
c - Spider Form           Tmut/Pois      10%        N/A       21%         3

Your spell library contained the following spells:

 Spells                   Type           Power      Damage    Failure   Level
 Wereblood                Tmut           12%        N/A       9%          2
 Ice Form                 Ice/Tmut       6%         N/A       69%         4


Dungeon Overview and Level Annotations

Branches:
Dungeon (2/15)

Annotations:
D:2 Ijyb, Terence


Innate Abilities, Weirdness & Mutations

You are a tree.
Your roots penetrate the ground, keeping you stationary.
You cannot be teleported.
You are immune to unholy pain and torment.
Your maximum health is greatly increased.
Your equipment is partially melded.
You have an increased reservoir of magic. (+10% MP)
You shall have no god before yourself.
Your divine heritage dramatically boosts your attributes as you level up.


Message History

* * * LOW HITPOINT WARNING * * *
The goblin hits you with a +0 dagger.
* * * LOW HITPOINT WARNING * * *
Really quaff the potion of lignification?
You turn into a tree.
Your +0 robe melds into your body.
Your roots penetrate the ground.
Ijyb hits you but does no damage. You block the goblin's attack.
You closely miss Ijyb. You block Ijyb's attack.
The goblin hits you but does no damage.
You smack Ijyb!
Ijyb is heavily wounded.
Ijyb hits you but does no damage. The goblin hits you but does no damage.
You hit Ijyb.
Ijyb is heavily wounded.
The goblin hits you but does no damage. Ijyb hits you but does no damage.
You hit Ijyb but do no damage.
Ijyb is heavily wounded.
Ijyb hits you with a +0 dagger.
* * * LOW HITPOINT WARNING * * *
The goblin hits you but does no damage.
You hit Ijyb but do no damage.
Ijyb is heavily wounded.
The goblin hits you but does no damage. Ijyb completely misses you.
You smack Ijyb!
Ijyb is almost dead.
Ijyb hits you but does no damage. The goblin hits you but does no damage.
Your magical contamination has completely faded away.
You barely miss Ijyb.
Ijyb is almost dead.
The goblin hits you but does no damage.
Ijyb zaps a wand.
The puff of flame hits you.
* * * LOW HITPOINT WARNING * * *
You hit Ijyb but do no damage.
Ijyb is almost dead.
You block the goblin's attack. Ijyb hits you but does no damage.
You hit Ijyb but do no damage.
Ijyb is almost dead.
The goblin hits you but does no damage.
Ijyb zaps a wand.
The puff of flame hits you.
You die...

######... #8.....8# #..?...#
#.......# #......# #8.....8#
#......# #.......###......##
#8.....8#.)........ ######
#.......#.#.#######
#######...[####8g....8#.#.gg..@..
...........'..#.♣g......?.."..###
..#####....##.#........#......# #
..# #)...##[##.#######...[..# #
..# #....##.#..# ######## #
.######....##.#.## #
.##...#######.#.# # ......# #.#.#
# ......# #.#.#### # ......###
#......# #


You could see Ijyb and a goblin.

Vanquished Creatures
  A gnoll (D:2)
  A worm (D:2)
  A dart slug (D:2)
  3 endoplasms
  A giant cockroach (D:2)
  6 goblins
  4 hobgoblins
  4 ball pythons
  2 bats
  2 frilled lizards (D:1)
  2 rats (D:1)
27 creatures vanquished.

Notes
Turn   | Place    | Note
-------+----------+-------------------------------------------
     0 | D:1      | KennySheep the Demigod Transmuter began the quest for the
                  | Orb.
     0 | D:1      | Reached XP level 1. HP: 15/15 MP: 5/5
   167 | D:1      | Noticed an eye of devastation
   171 | D:1      | Noticed a great orb of eyes
   171 | D:1      | Noticed an eye of devastation
   171 | D:1      | Noticed an eye of devastation
   258 | D:1      | Reached skill level 1 in Poison Magic
   341 | D:1      | You fall into a shaft and drop 1 floor!
   352 | D:2      | Reached XP level 2. HP: 22/22 MP: 5/7
   776 | D:2      | Noticed Terence
   916 | D:2      | Reached XP level 3. HP: 26/27 MP: 6/8
   933 | D:2      | Learned a level 3 spell: Spider Form
  1120 | D:2      | Noticed Ijyb
  1126 | D:2      | HP: 1/27 [goblin/+0 dagger (2)]
  1134 | D:2      | HP: 1/40 [Ijyb/puff of flame (2)]
  1136 | D:2      | Killed from afar by Ijyb

Illustrated notes

Levels and vault maps discovered:
D:1:      dpeg_arrival_tiny_i, layout_rooms,
          hellmonk_ecumenical_altar_watching_god
D:2:      kennysheep_the_goblin_king, layout_basic, basic_altar, uniq_terence

Skill      XL: |  1 |
---------------+----+-----
Transmutations | 2 |  2.7
Poison Magic   | 1 |  1.8
Fighting       | |  0.8
Dodging        | |  1.7
Unarmed Combat | |  2.6
Spellcasting   | |  1.7

Action                   || total
-------------------------++-------
Melee: Unarmed           ||   104
       Kick              ||    13
       Headbutt          ||     7
       Punch             ||     4
 Cast: Beastly Appendage ||    13
  Use: Potion            ||     1
Armor: Robe              ||    15
       Skin              ||    13
Dodge: Dodged            ||    49
Block: Other             ||    15

Table legend: (Time is in decaauts)
 A = Elapsed time spent in this place.
 B = Non-inter-level travel time spent in this place.
 C = Inter-level travel time spent in this place.
 D = Time resting spent in this place.
 E = Time spent auto-exploring this place.
 F = Levels seen in this place.
 G = Mean time per level.
                   A        B        C        D        E       F      G
               +--------+--------+--------+--------+--------+-----+--------+
         Total |   1131 |   1106 |     25 |    160 |    635 |   2 |  565.5 |
       Dungeon |   1131 |   1106 |     25 |    160 |    635 |   2 |  565.5 |
               +--------+--------+--------+--------+--------+-----+--------+

Top non-repeatable levels by time:
     D:1: 643 daAuts
     D:2: 488 daAuts
